 Dungeon Crawl Stone Soup version 0.25-a0-942-g87a53962fc (webtiles) character file.

Game seed: 12927736776997349194, levelgen mode: deterministic

3376 1994 the Cleaver (level 9, -4/81 HPs)
             Began as a Minotaur Gladiator on May 7, 2020.
             Slain by an unseen horror (6 damage)
             ... on level 7 of the Dungeon.
             The game lasted 00:15:20 (7466 turns).

1994 the Cleaver (Minotaur Gladiator)               Turns: 7466, Time: 00:15:20

Health: -4/81      AC: 15    Str: 22    XL:     9   Next: 74%
Magic:  8/8        EV: 10    Int:  5    God:
Gold:   549        SH:  0    Dex: 12    Spells: 8/8 levels left

rFire    + . .     SeeInvis .   a - +3 broad axe (vorpal)
rCold    . . .     Gourm    .   (no shield)
rNeg     . . .     Faith    .   F - +0 plate armour
rPois    .         Spirit   .   c - +0 hat
rElec    .         Reflect  .   (no cloak)
rCorr    .         Harm     .   n - +0 pair of gloves
MR       .....                  i - +0 pair of boots
Stlth    ..........             (no amulet)
HPRegen  0.23/turn              (no ring)
MPRegen  0.11/turn              k - ring of protection from fire

@: no status effects
A: retaliatory headbutt, horns 2
a: no special abilities


You were on level 7 of the Dungeon.
You were hungry.

You visited 2 branches of the dungeon, and saw 8 of its levels.
You also visited: Ossuary.

You collected 549 gold pieces.

Inventory:

Hand Weapons
 a - a +3 vorpal broad axe (weapon)
 p - a +0 hunting sling
 z - a +2 hand axe of flaming
Missiles
 b - 2 boomerangs
 d - 3 throwing nets
 g - 218 stones
 l - 48 poisoned darts (quivered)
 t - 37 sling bullets
Armour
 c - a +0 hat (worn)
 i - a +0 pair of boots (worn)
 n - a +0 pair of gloves (worn)
 x - a +0 leather armour of fire resistance
 F - a +0 plate armour (worn)
Jewellery
 k - a ring of protection from fire (right hand)
 L - an uncursed ring of wizardry
 R - an uncursed amulet of faith {unknown}
Wands
 h - a wand of random effects (20)
 m - a wand of iceblast (8)
 E - a wand of flame (23)
 I - a wand of acid (10)
Scrolls
 j - 3 scrolls of remove curse
 q - a scroll of random uselessness {unknown}
 s - a scroll of amnesia {unknown}
 u - 5 scrolls of teleportation
 v - 2 scrolls of enchant armour {unknown}
 y - a scroll of blinking {unknown}
 C - a scroll of immolation {unknown}
 D - a scroll of fear {unknown}
 G - 3 scrolls of enchant weapon
 K - 2 scrolls of fog
 M - a scroll of magic mapping {unknown}
Potions
 e - 5 potions of stabbing
 o - 2 potions of heal wounds
 r - 2 potions of curing
 w - a potion of berserk rage
 A - 2 potions of brilliance
 B - 3 potions of haste
 H - a potion of cancellation
 J - 4 potions of might
 N - 2 potions of invisibility
 O - a potion of resistance {unknown}
 P - a potion of flight {unknown}
Comestibles
 f - 14 rations


   Skills:
 + Level 7.8 Fighting
 * Level 11.1 Axes
 - Level 2.0 Throwing
 + Level 7.2 Armour
 + Level 7.4 Dodging


You had 8 spell levels left.
You didn't know any spells.
Your spell library contained the following spells:

 Spells                   Type           Power        Failure   Level  Hunger
 Animate Skeleton         Necr           N/A          100%        1    ##.....
 Pain                     Necr           #...         100%        1    ##.....
 Vampiric Draining        Necr           #.........   100%        3    ####...
 Animate Dead             Necr           N/A          100%        4    #####..
 Agony                    Necr           #.......     100%        5    ######.


Dungeon Overview and Level Annotations

Branches:
Dungeon (7/15)             Temple (1/1) D:7         Ossuary (visited)

Altars:
Ashenzari
Cheibriados
Dithmenos
Elyvilon
Fedhas
Gozag
Hepliaklqana
Nemelex Xobeh
Okawaru
Qazlal
Ru
Sif Muna
Trog
Uskayaw
Vehumet
Wu Jian
Xom
Yredelemnul
Zin
The Shining One

Shops:
D:6 (


Innate Abilities, Weirdness & Mutations

You reflexively headbutt those who attack you in melee.
You have a pair of horns on your head.


Message History

You swing at nothing.
Something hits you.
* * * LOW HITPOINT WARNING * * *
You miss something. Something hits you but does no damage.
You miss something. You headbutt something.
Something hits you but does no damage.
You miss something. Something hits you but does no damage.
You completely miss something. Something hits you.
* * * LOW HITPOINT WARNING * * *
Something hits you but does no damage.
You closely miss something. Something hits you.
* * * LOW HITPOINT WARNING * * *
You miss something. Something hits you but does no damage.
You miss something. Something hits you but does no damage.
You swing at nothing.
Something hits you.
* * * LOW HITPOINT WARNING * * *
You hit something. Something hits you.
* * * LOW HITPOINT WARNING * * *
You swing at nothing.
Something hits you but does no damage.
You miss something. You headbutt something. Something hits you.
You die...

.....PP #####....
... †....♣P #.###
... †....PP #.## ...
§§†...P### ##..##
... §§....))(#
#♣P..^# ......)(.♣
#P..#.#
.......♣(♣♣####.#.#
......♣P♣((.# #.#.##
....P♣♣#♣.@♣♣♣#.#..#
..... #..(..#..#.#
.... ##♣.♣.P..#.#
... ##♣P...#.# ...
##♣..#.# #..#.#
##.#.# #.#.# #.#


There were no monsters in sight!

Vanquished Creatures
  Maggie (D:6)
  Prince Ribbit (D:5)
  A hippogriff (D:4)
  A hungry ghost (D:7)
  Duvessa (D:5)
  An orc warrior (D:7)
  A sky beast (D:7)
  An ice beast (D:6)
  3 ogres
  2 phantoms
  A centaur (D:6)
  A big kobold (D:7)
  3 bullfrogs (D:6)
  A water moccasin skeleton (D:5)
  Dowan (D:5)
  3 howler monkeys
  3 crimson imps
  A bullfrog skeleton (D:5)
  4 jellies
  A quasit (D:5)
  A centaur zombie (D:6)
  2 hounds
  3 orc priests
  4 orc wizards
  Ijyb (D:5)
  3 iguanas
  3 worker ants
  A hound skeleton (D:5)
  A worker ant zombie (D:6)
  8 mummies (Ossuary)
  3 gnolls (D:6)
  12 adders
  A howler monkey skeleton (D:5)
  2 shadow imps (D:6)
  8 oozes
  5 worms
  4 dart slugs
  6 leopard geckos
  27 orcs
  4 ball pythons
  6 bats
  6 giant cockroaches
  A gnoll zombie (Ossuary)
  3 goblins
  6 hobgoblins
  36 kobolds
  3 quokkas
  15 frilled lizards
  2 hobgoblin zombies (Ossuary)
  2 jackal skeletons
  3 kobold zombies (Ossuary)
  2 orc zombies (Ossuary)
  6 rats
  6 plants (D:7)
228 creatures vanquished.

Vanquished Creatures (others)
  A kobold (D:7)
  7 fungi (D:2)
  2 plants (D:7)
  7 toadstools (D:2)
17 creatures vanquished.

Grand Total: 245 creatures vanquished

Notes
Turn   | Place    | Note
-------+----------+-------------------------------------------
     0 | D:1      | 1994 the Minotaur Gladiator began the quest for the Orb.
     0 | D:1      | Reached XP level 1. HP: 18/18 MP: 0/0
    53 | D:1      | Reached XP level 2. HP: 11/25 MP: 1/1
   255 | D:1      | Reached skill level 4 in Axes
   304 | D:1      | Reached skill level 1 in Armour
   547 | D:1      | Reached XP level 3. HP: 28/30 MP: 2/2
  1132 | D:2      | Reached XP level 4. HP: 38/38 MP: 3/3
  1448 | D:2      | Noticed a moth of wrath
  1451 | D:2      | Found a bloodstained altar of Trog.
  1478 | D:2      | Reached skill level 5 in Axes
  1565 | D:2      | Reached XP level 5. HP: 13/45 MP: 4/4
  2665 | D:4      | Reached XP level 6. HP: 50/52 MP: 5/5
  2692 | D:4      | Reached skill level 6 in Axes
  3148 | D:4      | Reached XP level 7. HP: 49/60 MP: 6/6
  3407 | D:5      | Entered Level 5 of the Dungeon
  3427 | D:5      | Reached skill level 7 in Axes
  3448 | D:5      | Noticed Prince Ribbit
  3454 | D:5      | Reached skill level 5 in Dodging
  3454 | D:5      | Noticed Ijyb
  3636 | D:5      | Killed Prince Ribbit
  3636 | D:5      | Reached skill level 5 in Fighting
  3750 | D:5      | Killed Ijyb
  3862 | D:5      | Noticed a hippogriff
  4106 | D:4      | Killed a hippogriff
  4106 | D:4      | Reached skill level 8 in Axes
  4106 | D:4      | Reached XP level 8. HP: 35/69 MP: 7/7
  4283 | D:5      | Reached skill level 5 in Armour
  4382 | D:5      | Noticed Duvessa
  4384 | D:5      | Noticed Dowan
  4394 | D:5      | Killed Dowan
  4407 | D:5      | Killed Duvessa
  4862 | D:5      | Reached skill level 9 in Axes
  5223 | D:6      | Noticed Maggie
  5240 | D:6      | Killed Maggie
  5364 | D:6      | Found Leckich's Weapon Emporium.
  5392 | D:6      | Reached XP level 9. HP: 68/78 MP: 8/8
  5594 | D:6      | Reached skill level 10 in Axes
  6230 | D:7      | Found a staircase to the Ecumenical Temple.
  6251 | Temple   | Entered the Ecumenical Temple
  6580 | D:7      | Found a sand-covered staircase.
  6598 | Ossuary  | Entered an ossuary
  7067 | D:7      | Reached skill level 11 in Axes
  7202 | D:7      | Found a sparkling altar of Nemelex Xobeh.
  7463 | D:7      | HP: 3/81 [something (5)]
  7464 | D:7      | HP: 1/81 [something (2)]
  7466 | D:7      | Slain by an unseen horror

Levels and vault maps discovered:
D:1:      psy_arrival_basics, layout_basic, serial_glass, glass_columns_a,
          glass_columns_a, minmay_lizard_pond
D:2:      cheibrodos_fertilizer, layout_rooms, tgw_trog, first_ration
D:3:      layout_rooms, minmay_misc_feat_nine_boxes
D:4:      layout_rooms
D:5:      layout_rooms, uniq_duvessa, uniq_prince_ribbit1, uniq_ijyb
D:6:      minmay_chambers_of_sixes, layout_cave_pools, serial_shops, shop,
          uniq_maggie
D:7:      kennysheep_kobold_camp, layout_basic, minmay_temple_entry_wispy,
          nicolae_ossuary_entry_ruins, lemuel_altar_in_water
Temple:   eino_narrow_crystal_temple

Skill      XL: |  1  2  3  4  5  6  7  8  9 |
---------------+----------------------------+-----
Axes           | 4 5 6 8 9 11 | 11.1
Armour         | 1 2 3 4 6 7 |  7.2
Fighting       | 3 4 5 6 7 |  7.8
Dodging        | 4 5 6 7 |  7.4
Throwing       | |  2.0

Action                   |  1- 3 |  4- 6 |  7- 9 || total
-------------------------+-------+-------+-------++-------
Melee: War axe           |    66 |   152 |   128 ||   346
       Headbutt          |    10 |    23 |    63 ||    96
       Broad axe         |       |       |   166 ||   166
 Fire: Hunting sling     |       |       |    17 ||    17
Throw: Dart              |       |     7 |       ||     7
Evoke: Wand              |       |       |     8 ||     8
  Use: Scroll            |       |       |    13 ||    13
  Eat: Chunk             |     1 |     6 |    17 ||    24
Armor: Leather armour    |    27 |    28 |       ||    55
       Scale mail        |       |    15 |       ||    15
       Chain mail        |       |    20 |    75 ||    95
       Plate armour      |       |       |    89 ||    89
Dodge: Dodged            |    54 |   114 |   132 ||   300

Table legend:
 A = Non-vault XP
 B = Vault XP
 C = Vault XP percentage of total XP
 D = Non-vault monster count
 E = Vault monster count
 F = Vault count percentage of total count
                 A         B        C        D         E       F
            +---------+---------+-------+---------+---------+-------
      Total |    3346 |    1477 |  30.6 |     145 |      77 |  34.7
            +---------+---------+-------+---------+---------+-------
        D:1 |      43 |      12 |  21.8 |      17 |      12 |  41.4
        D:2 |      67 |     154 |  69.7 |      22 |      19 |  46.3
        D:3 |     101 |       0 |   0.0 |      22 |       0 |   0.0
        D:4 |     675 |       0 |   0.0 |      17 |       0 |   0.0
        D:5 |     534 |     534 |  50.0 |      24 |       4 |  14.3
        D:6 |     782 |     497 |  38.9 |      20 |       6 |  23.1
        D:7 |    1099 |     131 |  10.7 |      22 |      20 |  47.6
     Temple |      45 |       0 |   0.0 |       1 |       0 |   0.0
    Ossuary |       0 |     149 | 100.0 |       0 |      16 | 100.0
            +---------+---------+-------+---------+---------+-------
